 Dungeon Crawl Stone Soup version 0.18-a0-1179-g120c792 (webtiles) character file.

3467 Reinor the Transmogrifier (level 9, -8/48 HPs)
             Began as a Felid Transmuter on Jan 27, 2016.
             Was an Elder of Elyvilon.
             Killed from afar by Erolcha (24 damage)
             ... with a bolt of lightning
             ... on level 8 of the Dungeon.
             The game lasted 00:37:47 (9219 turns).

Reinor the Transmogrifier (Felid Transmuter)        Turns: 9219, Time: 00:37:47

Health: -8/48      AC:  6    Str:  6    XL:     9   Next: 78%
Magic:  17/17      EV: 15    Int: 17    God:    Elyvilon [****..]
Gold:   440        SH:  0    Dex: 20    Spells: 5 memorised, 3 levels left
                                        Lives:  0   Deaths: 2

rFire  x . .     SeeInvis +       - Unarmed
rCold  + + +     Gourm    .     (armour unavailable)
rNeg   . . .     Faith    .     (shield unavailable)
rPois  +         Spirit   .     (helmet unavailable)
rElec  .         Dismiss  .     (cloak unavailable)
rCorr  +         Reflect  .     (gloves unavailable)
SustAt .         Harm     .     (boots unavailable)
MR     +....                    J - amulet of magic regeneration
Stlth  +++.......               v - +3 ring of dexterity
                                z - ring of resist corrosion

@: ice-form, drained, somewhat resistant to hostile enchantments, fairly
stealthy
A: no armour, no weapons or thrown items, (claws 0), (fangs 0), see invisible,
carnivore 3, (speed 0), (shaggy fur 0), slow metabolism 1, (sharp paws)
a: End Transformation, Lesser Healing, Heal Other, Purification, Greater
Healing, Divine Protection, Renounce Religion


You were on level 8 of the Dungeon.
You worshipped Elyvilon.
Elyvilon was greatly pleased with you.
You were completely stuffed.
You were a creature of crystalline ice.
You visited 3 branches of the dungeon, and saw 10 of its levels.

You collected 601 gold pieces.
You spent 161 gold pieces at shops.

Inventory:

Missiles
 a - 130 arrows
 e - 7 javelins
Jewellery
 j - an uncursed amulet of guardian spirit
 r - an uncursed ring of fire
 v - a +3 ring of dexterity (right front paw)
 x - an uncursed ring of teleportation
 z - a ring of resist corrosion (left front paw)
 C - an uncursed ring of flight
 J - an amulet of magic regeneration (around neck)
Scrolls
 d - 6 scrolls of amnesia
 i - 5 scrolls of recharging {unknown}
 k - 4 scrolls of remove curse
 l - a scroll of teleportation
 s - 6 scrolls of noise
 t - a scroll of fog {unknown}
 u - 3 scrolls of blinking {unknown}
 w - 2 scrolls of enchant weapon {unknown}
 E - a scroll of magic mapping
 L - a scroll of fear
Potions
 f - 2 potions of might
 g - a potion of resistance
 m - 2 potions of curing
 n - 3 potions of lignification
 o - 2 potions of mutation
 p - a potion of cure mutation {unknown}
 q - a potion of berserk rage
 A - 2 potions of flight
 B - 2 potions of brilliance
 D - 2 potions of haste
 F - 2 potions of cancellation
 G - a potion of invisibility {unknown}
 I - a potion of beneficial mutation {unknown}
 K - a potion of heal wounds
 N - a potion of poison {unknown}
Books
 b - a book of Changes

   Spells                             Type                      Level
   a - Beastly Appendage              Transmutation                1
   b - Sticks to Snakes               Transmutation                2
   c - Spider Form                    Transmutation/Poison         3
   d - Ice Form                       Ice/Transmutation            4
   e - Blade Hands                    Transmutation                5
 y - a Necronomicon

   Spells                             Type                      Level
   a - Haunt                          Necromancy/Summoning         7
   b - Borgnjor's Revivification      Necromancy                   8
   c - Death's Door                   Charms/Necromancy            8
   d - Necromutation                  Transmutation/Necromancy     8
   Elyvilon disapproves of the use of such an item.
Comestibles
 c - 2 meat rations
 h - 3 slices of pizza
 H - 8 beef jerkies
 M - a chunk of flesh


   Skills:
 - Level 5.0(4.4) Fighting
 - Level 7.0(6.4) Dodging
 - Level 5.1(4.5) Stealth
 - Level 8.3(7.7) Unarmed Combat
 + Level 5.1(4.5) Spellcasting
 - Level 10.3(9.6) Transmutations
 - Level 5.0(4.4) Invocations


You had 3 spell levels left.
You knew the following spells:

 Your Spells              Type           Power        Failure   Level  Hunger
a - Beastly Appendage     Trmt           #####.       1%          1    None
b - Sticks to Snakes      Trmt           #####...     1%          2    ##.....
c - Spider Form           Trmt/Pois      ###.......   10%         3    ###....
d - Blade Hands           Trmt           #####.....   10%         5    ######.
e - Ice Form              Ice/Trmt       ###.....     24%         4    ####...


Dungeon Overview and Level Annotations

Branches:
Dungeon (8/15)             Temple (1/1) D:6            Lair (1/8) D:8

Altars:
Ashenzari
Cheibriados
Dithmenos
Elyvilon
Fedhas
Gozag
Kikubaaqudgha
Makhleb
Okawaru
Pakellas
Qazlal
Ru
Sif Muna
Trog
Yredelemnul
Zin
The Shining One

Shops:
D:4 *?   D:7 }(

Annotations:
D:8 Erolcha
Lair:1 Reinor's ghost, journeyman FeTm


Innate Abilities, Weirdness & Mutations

You cannot wear armour.
You are incapable of wielding weapons or throwing items.
((You have sharp claws.))
((You have razor-sharp teeth.))
You have supernaturally acute eyesight.
You are carnivorous and can eat meat at any time.
((You cover ground quickly.))
((You are covered in thick fur (AC +2).))
You have a slow metabolism.
((Your sharp claws are effective at attacking unaware monsters.))


Message History

The spiny frog seems to slow down.
The spiny frog is almost dead.
The spiny frog stings you!
You punch the spiny frog! You freeze the spiny frog.
You kill the spiny frog!
Your base Spellcasting skill increases to level 5!
Eating one of 2 chunks of flesh.
This raw flesh tastes great.
You continue eating. x2
Magic restored.
Erolcha the Cunning comes into view.
She is wielding a giant spiked club.
A hippogriff comes into view.
Erolcha casts a spell.
Erolcha blinks!
The hippogriff screeches!
Erolcha zaps a wand.
The bolt of negative energy hits you!
You feel drained.
It is a wand of draining.
Erolcha gestures at you while chanting. The bolt of lightning hits you!
Ouch! That really hurt!
You die...

..##
#....≈≈≈≈..#...............
...#
#....≈≈≈≈..#..........#....
...#
#.....≈≈≈..#..........###.#
...##
#..........#......)...# #.#
....## #..........# #..
#....# .
#+###...###....##### ##...#
..####...................
##..##
...........###....#.#....
#...#
........Y..##............
8...###
........≈≈.##(.........≈≈
......#
........≈..##......>.....
.....##
...........##...........≈
.....#
...≈...$...##...........≈
8....#
...........##.......#....
#....#
.......O...##.......+....
#...##
.....H.....##......##....
#...#
....≈......##......##....


You could see Erolcha and a hippogriff.

Vanquished Creatures
  A spiny frog (D:8)
  Grinder (D:3)
  2 yaks (D:8)
  2 wyverns (D:8)
  2 orc warriors (D:8)
  2 ice beasts (D:6)
  2 phantoms
  A wasp (D:8)
  3 black bears
  A necrophage (D:8)
  2 ogres
  2 centaurs
  2 giant frogs
  4 scorpions
  3 killer bees (D:6)
  2 wights (D:8)
  A crimson imp (D:6)
  3 hounds
  3 jellies
  2 centaur zombies
  6 orc priests
  A giant frog skeleton (D:5)
  5 orc wizards
  3 iguanas
  2 worker ants
  2 hound zombies
  2 hound skeletons
  10 adders
  A gnoll (D:1)
  2 river rats (D:8)
  2 shadow imps
  2 oozes
  3 adder skeletons
  A worm (D:3)
  4 giant geckos
  17 orcs
  21 bats
  2 giant cockroaches (D:5)
  5 hobgoblins
  10 jackals
  8 kobolds
  3 quokkas (D:5)
  9 giant newts
  6 goblins
  A quokka skeleton (D:5)
  11 rats
  A fungus (D:8)
181 creatures vanquished.

Vanquished Creatures (collateral kills)
  A two-headed ogre (D:8)
  An ogre (D:4)
  2 centaurs
  Crazy Yiuf (D:2)
  Ijyb (D:3)
  2 adders
  4 worms
  A goblin (D:3)
  A bat (D:3)
  A giant newt (D:4)
15 creatures vanquished.

Grand Total: 196 creatures vanquished

Notes
Turn   | Place    | Note
--------------------------------------------------------------
     0 | D:1      | Reinor the Felid Transmuter began the quest for the Orb.
     0 | D:1      | Reached XP level 1. HP: 9/9 MP: 4/4
    13 | D:1      | Reached XP level 2. HP: 5/12 MP: 4/6
   503 | D:1      | Reached skill level 4 in Unarmed Combat
   811 | D:2      | Reached XP level 3. HP: 15/15 MP: 5/7
   828 | D:2      | Learned a level 2 spell: Sticks to Snakes
   832 | D:2      | Learned a level 3 spell: Spider Form
  1233 | D:2      | Found a white marble altar of Elyvilon.
  1243 | D:2      | Became a worshipper of Elyvilon the Healer
  1336 | D:2      | Noticed Crazy Yiuf
  1585 | D:2      | Killed Crazy Yiuf
  1884 | D:2      | Reached XP level 4. HP: 19/19 MP: 6/8
  2255 | D:3      | Reached skill level 8 in Unarmed Combat
  2255 | D:3      | Reached skill level 10 in Transmutations
  2255 | D:3      | Reached XP level 5. HP: 5/22 MP: 6/9
  2582 | D:3      | Noticed Ijyb
  2590 | D:3      | Killed Ijyb
  2735 | D:3      | Reached * piety under Elyvilon
  2779 | D:3      | Noticed Grinder
  2785 | D:3      | Paralysed by Grinder for 6 turns
  2821 | D:3      | Killed Grinder
  2821 | D:3      | Gained mutation: You are covered in thick fur (AC +2). [Felid growth]
  2821 | D:3      | Reached XP level 6. HP: 16/27 MP: 5/10
  3337 | D:4      | Found Keman's Elemental Accessories.
  3350 | D:4      | Found a deep blue altar of Sif Muna.
  3377 | D:4      | Found a shattered altar of Ashenzari.
  3388 | D:4      | Shot with an arrow by a centaur
  3389 | D:4      | Reached XP level 5. HP: -1/24 MP: 8/9
  3402 | D:4      | Killed a centaur
  3409 | D:4      | Noticed an ogre
  3421 | D:4      | Killed an ogre
  3421 | D:4      | Reached XP level 6. HP: 26/28 MP: 5/10
  3450 | D:4      | Found Nampym Tuasch's Magic Scroll Shoppe.
  3458 | D:4      | Bought a scroll of teleportation for 42 gold pieces
  3458 | D:4      | Bought a scroll of amnesia for 49 gold pieces
  3458 | D:4      | Bought a scroll of identify for 28 gold pieces
  3458 | D:4      | Bought a scroll of identify for 28 gold pieces
  3458 | D:4      | Bought a scroll of noise for 14 gold pieces
  3704 | D:4      | Found a bloodstained altar of Trog.
  3836 | D:5      | Entered Level 5 of the Dungeon
  3893 | D:5      | Reached XP level 7. HP: 22/33 MP: 8/11
  4405 | D:5      | Reached skill level 5 in Fighting
  4604 | D:5      | Learned a level 5 spell: Blade Hands
  4843 | D:5      | Reached XP level 8. HP: 25/37 MP: 8/15
  4854 | D:5      | Learned a level 4 spell: Ice Form
  4922 | D:5      | Reached ** piety under Elyvilon
  5787 | D:6      | Reached skill level 5 in Dodging
  5985 | D:6      | Killed from afar by an orc wizard
  5986 | D:6      | Reached XP level 7. HP: -1/33 MP: 12/14
  6364 | D:6      | Found a staircase to the Ecumenical Temple.
  6379 | Temple   | Entered the Ecumenical Temple
  6449 | D:6      | Reached XP level 8. HP: 37/37 MP: 9/15
  6537 | D:6      | Reached *** piety under Elyvilon
  6935 | D:6      | Reached skill level 1 in Invocations
  6978 | D:7      | Found Durouli's Gadget Shop.
  7235 | D:7      | Found Fikabbas's Antique Weapon Boutique.
  7525 | D:8      | Found a glowing golden altar of the Shining One.
  7543 | D:8      | Noticed a two-headed ogre
  7554 | D:8      | Killed a two-headed ogre
  7620 | D:8      | Reached XP level 9. HP: 40/40 MP: 16/16
  7655 | D:8      | Found a staircase to the Lair.
  7681 | D:8      | Reached skill level 5 in Invocations
  7792 | D:8      | Reached skill level 1 in Stealth
  8376 | D:8      | HP: 1/40 [wight/enchanted trident (13)]
  8376 | D:8      | Elyvilon protects you from harm!
  8406 | Lair:1   | Entered Level 1 of the Lair of Beasts
  8521 | Lair:1   | Noticed Reinor's ghost (journeyman FeTm)
  8535 | D:8      | HP: 2/40 [wasp (10)]
  8780 | D:8      | Reached skill level 5 in Stealth
  9105 | D:8      | Reached **** piety under Elyvilon
  9187 | D:8      | Noticed a spiny frog
  9195 | D:8      | Killed a spiny frog
  9195 | D:8      | Reached skill level 5 in Spellcasting
  9214 | D:8      | Noticed Erolcha
  9219 | D:8      | Killed from afar by Erolcha

Vault maps used:
D:1:      dpeg_arrival_simpleton_c, minmay_misc_feat_iff
D:2:      old_standard_altar, uniq_crazy_yiuf_cottage
D:3:      uniq_grinder, uniq_iyjb
D:4:      nicolae_overflow_crystal_walls, lightli_temple_of_fire,
          ashenzari_conservatory_becter, serial_shops, kennysheep_little_box,
          nicolae_elemental_shop
D:5:      kennysheep_windowed_halls, first_bread
D:6:      minmay_temple_entry_glassed_door
D:7:      serial_shops, shop, shop, serial_park_tiny_1, grunt_ogre_cave
D:8:      nicolae_tso_carved_into_rock, grunt_lair_entry_orc_guard_hut,
          uniq_erolcha
Temple:   circular_temple_12
Lair:1:   beast_lair_carwin_large_2

Action                   |  1- 3 |  4- 6 |  7- 9 || total
-------------------------+-------+-------+-------++-------
Melee: Unarmed           |    90 |    99 |   341 ||   530
 Cast: Beastly Appendage |     9 |    10 |     7 ||    26
       Sticks to Snakes  |    11 |    12 |     6 ||    29
       Spider Form       |       |     5 |    11 ||    16
       Blade Hands       |       |       |    16 ||    16
       Ice Form          |       |       |     5 ||     5
Invok: Heal Other        |       |       |     1 ||     1
       Lesser Healing    |       |       |     2 ||     2
  Use: Scroll            |     6 |     5 |     6 ||    17
       Potion            |       |     2 |     1 ||     3
 Stab: Sleeping          |     2 |     2 |     7 ||    11
       Distracted        |       |     1 |     2 ||     3
  Eat: Chunk             |     9 |    11 |    26 ||    46
